 Dungeon Crawl Stone Soup version 0.27.0-65-ge2af304b15 (webtiles) character file.

Game seed: 5905875918116903901

72 ElTigreChino the Cudgeller (level 4, -3/45 HPs)
             Began as a Troll Berserker on Aug 19, 2021.
             Was a Believer of Trog.
             Slain by Grinder (5 damage)
             ... on level 3 of the Dungeon.
             The game lasted 00:19:43 (1364 turns).

ElTigreChino the Cudgeller (Troll Berserker)        Turns: 1364, Time: 00:19:45

Health: -3/45      AC:  4    Str: 26    XL:     4   Next: 7%
Magic:  3/3        EV: 10    Int:  3    God:    Trog [**....]
Gold:   12         SH:  0    Dex:  9    Spells: 3/3 levels left

rFire    . . .     SeeInvis .   k - +0 flail
rCold    . . .     Faith    +   (no shield)
rNeg     . . .     Spirit   .   b - +0 animal skin
rPois    .         Reflect  .   (helmet restricted)
rElec    .         Harm     .   (no cloak)
rCorr    .         Rampage  .   (gloves unavailable)
Will     .....                  (boots unavailable)
Stlth    +.........             i - amulet of faith
HPRegen  1.15/turn              (no ring)
MPRegen  0.08/turn              (no ring)

@: on berserk cooldown, slowed, very slow
A: large, unfitting armour, claws 3, regeneration 1, shaggy fur 1, tough skin 1
a: Renounce Religion, Berserk, Trog's Hand


You were on level 3 of the Dungeon.
You worshipped Trog.
Trog was pleased with you.
You visited 1 branch of the dungeon, and saw 3 of its levels.

You collected 12 gold pieces.

Inventory:

Hand Weapons
 a - a +0 mace
 k - a +0 flail (weapon)
Armour
 b - a +0 animal skin (worn)
Jewellery
 i - an amulet of faith (around neck)
Scrolls
 d - a scroll of magic mapping {unknown}
 e - 2 scrolls of noise {unknown}
 f - 3 scrolls of identify {unknown}
 j - a scroll of holy word {unknown}
 m - a scroll of acquirement {unknown}
Potions
 c - a potion of haste {unknown}
 g - a potion of attraction {unknown}
 h - a potion of mutation {unknown}
 l - a potion of curing {unknown}
 n - a potion of degeneration {unknown}
 o - a potion of lignification {unknown}


   Skills:
 * Level 3.0 Fighting
 * Level 3.4 Maces & Flails
 * Level 3.0 Dodging


You had 3 spell levels left.
You didn't know any spells.
Your spell library was empty.

Dungeon Overview and Level Annotations

Branches:
Dungeon (3/15)

Altars:

Annotations:
D:3 Grinder


Innate Abilities, Weirdness & Mutations

You are too large for most types of armour.
You have claws for hands.
Your natural rate of healing is unusually fast.
You are covered in fur. (AC +1)
You have tough skin. (AC +1)


Message History

Press: ? - help, v - describe, . - travel A rock wall.
A red film seems to cover your vision as you go berserk!
You feel yourself moving faster!
You feel mighty!
You feel a strong urge to attack something.
You feel your anger nearly subside.
You are no longer berserk.
You are exhausted.
You feel yourself slow down. Grinder hits you.
You writhe in agony.
You thump Grinder!
Grinder is moderately wounded.
Grinder barely misses you. Grinder hits you.
You writhe in agony.
You closely miss Grinder.
Grinder is moderately wounded.
Grinder barely misses you. Grinder hits you.
You writhe in agony.
You closely miss Grinder.
Grinder is moderately wounded.
Grinder hits you but does no damage. Grinder gestures at you.
You suddenly lose the ability to move!
Grinder hits you.
You can move again.
You closely miss Grinder.
Grinder is moderately wounded.
Grinder gestures at you. Pain shoots through your body! Grinder hits you!
* * * LOW HITPOINT WARNING * * *
You writhe in agony.
* * * LOW HITPOINT WARNING * * *
You thump Grinder!
Grinder is severely wounded.
Grinder barely misses you.
You closely miss Grinder.
Grinder is severely wounded.
Grinder hits you.
* * * LOW HITPOINT WARNING * * *
You writhe in agony.
* * * LOW HITPOINT WARNING * * *
Grinder hits you.
You die...

#........#.###
.............#####
###....<.#.......#
.........#.#.###.#
####.....#.....#.#
#...........#.# ####
#.....#.#.###.#
.....#####.............#
.........@.....#.##.#..###
###.....5................#
#.#######.####.#.##.#### #
#..............#
#.#.#.###.###### #.....#
#.# #.##### #.# #.# ###
###


You could see Grinder.

Vanquished Creatures
  Terence (D:2)
  A dart slug (D:2)
  3 ball pythons
  4 endoplasms
  2 giant cockroaches (D:1)
  3 goblins (D:1)
  5 hobgoblins
  2 jackals (D:1)
  2 kobolds
  4 quokkas
  6 bats
  3 frilled lizards (D:1)
  2 rats (D:1)
38 creatures vanquished.

Notes
Turn   | Place    | Note
-------+----------+-------------------------------------------
     0 | D:1      | ElTigreChino the Troll Berserker began the quest for the
                  | Orb.
     0 | D:1      | Reached XP level 1. HP: 22/22 MP: 0/0
   126 | D:1      | Reached XP level 2. HP: 27/29 MP: 1/1
   517 | D:1      | Reached XP level 3. HP: 36/36 MP: 2/2
   649 | D:1      | Reached ** piety under Trog
   808 | D:2      | Noticed Terence
   816 | D:2      | Killed Terence
  1063 | D:2      | Reached XP level 4. HP: 45/45 MP: 3/3
  1141 | D:2      | Found a faded altar of an unknown god.
  1345 | D:3      | Noticed Grinder
  1348 | D:3      | Paralysed by Grinder for 3 turns
  1360 | D:3      | Paralysed by Grinder for 2 turns
  1364 | D:3      | HP: 2/45 [Grinder (1)]
  1364 | D:3      | Slain by Grinder

Illustrated notes

Levels and vault maps discovered:
D:1:      evilmike_arrival_fibonacci_small, layout_loops_ring, hex_tiny
D:2:      layout_rooms, shapermc_ecumenical_altar_petra, uniq_terence
D:3:      layout_basic, uniq_grinder

Skill      XL: |  1  2  3 |
---------------+----------+-----
Maces & Flails | 3 |  3.4
Fighting       | 3 |  3.0
Dodging        | 3 |  3.0

Action                   |  1- 3 |  4- 6 || total
-------------------------+-------+-------++-------
Melee: Mace              |   107 |       ||   107
       Flail             |    21 |    14 ||    35
Invok: Berserk           |     2 |     1 ||     3
 Stab: Sleeping          |     1 |       ||     1
Armor: Animal skin       |    61 |     6 ||    67
       Robe              |    21 |       ||    21
Dodge: Dodged            |   105 |     7 ||   112
